 Dungeon Crawl Stone Soup version 0.31-a0-369-g8eba5f6939 (webtiles) character file.

Game seed: 12768464949998145697

1264 zazu2006 the Covered (level 8, -3/58 HPs)
             Began as a Gnoll Wanderer on July 28, 2023.
             Slain by Pikel the hornet (11 damage)
             ... while paralysed by Pikel
             ... on level 4 of the Dungeon on July 29, 2023.
             The game lasted 00:13:25 (4759 turns).

zazu2006 the Covered (Gnoll Wanderer)               Turns: 4759, Time: 00:13:26

Health: -3/58      AC: 10    Str: 15    XL:     8   Next: 52%
Magic:  10/23      EV:  2    Int: 11    God:
Gold:   170        SH:  0    Dex: 17    Spells: 15/16 levels left

rFire   . . .        a - +2 falchion
rCold   . . .        (no shield)
rNeg    . . .        b - +0 ring mail
rPois   .            t - +0 helmet
rElec   .            (no cloak)
rCorr   .            f - +0 pair of gloves
SInv    .            x - +0 pair of boots
Will    .....        (no amulet)
Stlth   ++           j - +6 ring of dexterity
HPRegen 0.29/turn    z - ring of magical power
MPRegen 0.18/turn

%: no passive effects
@: paralysed, slowed
A: fangs 1, strong nose, distributed training
a: no special abilities


You were on level 4 of the Dungeon.
You visited 1 branch of the dungeon, and saw 5 of its levels.
You also visited: Ossuary.

You collected 184 gold pieces.
You spent 14 gold pieces at shops.

Inventory:

Hand Weapons
 a - a +2 falchion (weapon)
 u - a +2 dagger of speed
 y - a +2 dagger of venom
Armour
 b - a +0 ring mail (worn)
 f - a +0 pair of gloves (worn)
 q - a +0 buckler
 t - a +0 helmet (worn)
 x - a +0 pair of boots (worn)
Jewellery
 j - a +6 ring of dexterity (left hand)
 z - a ring of magical power (right hand)
Wands
 r - a wand of charming (2)
 w - a wand of polymorph (5)
Scrolls
 c - 2 scrolls of teleportation
 d - 4 scrolls of revelation {unknown}
 i - 3 scrolls of immolation {unknown}
 k - a scroll of vulnerability {unknown}
 n - a scroll of enchant armour {unknown}
 o - 2 scrolls of amnesia {unknown}
 s - 2 scrolls of poison {unknown}
 v - 2 scrolls of noise
 A - 6 scrolls of identify {unknown}
Potions
 e - 3 potions of brilliance {unknown}
 g - a potion of magic {unknown}
 h - 5 potions of curing
 l - 3 potions of heal wounds {unknown}
 m - 2 potions of ambrosia {unknown}
 p - 4 potions of mutation {unknown}
 B - 2 potions of enlightenment {unknown}
 C - 2 potions of resistance {unknown}
 D - a potion of cancellation {unknown}


   Skills:
 + Level 3.4 Fighting
 + Level 3.4 Short Blades
 + Level 7.4 Long Blades
 + Level 3.4 Axes
 + Level 3.4 Maces & Flails
 + Level 3.4 Polearms
 + Level 3.4 Staves
 + Level 3.4 Ranged Weapons
 + Level 4.3 Throwing
 + Level 7.4 Armour
 + Level 3.4 Dodging
 + Level 3.4 Stealth
 + Level 3.4 Shields
 + Level 3.4 Unarmed Combat
 + Level 4.5 Spellcasting
 + Level 2.8 Conjurations
 + Level 2.8 Hexes
 + Level 2.8 Summonings
 + Level 2.8 Necromancy
 + Level 2.8 Translocations
 + Level 2.8 Transmutations
 + Level 2.8 Fire Magic
 + Level 2.8 Ice Magic
 + Level 2.8 Air Magic
 + Level 4.7 Earth Magic
 + Level 2.8 Poison Magic
 + Level 3.7 Invocations
 + Level 3.4 Evocations
 + Level 2.8 Shapeshifting


You had 15 spell levels left.
You knew the following spells:

 Your Spells              Type           Power      Damage    Failure   Level
a - Sandblast             Erth           26%        2d8       5%          1

Your spell library contained the following spells:

 Spells                   Type           Power      Damage    Failure   Level
 Passwall                 Tmut/Erth      8%         N/A       13%         2
 Blink                    Tloc           16%        N/A       19%         2
 Ensorcelled Hibernation  Hex/Ice        16%        N/A       19%         2
 Lesser Beckoning         Tloc           16%        N/A       19%         2
 Momentum Strike          Conj/Tloc      16%        3d8       19%         2
 Stone Arrow              Conj/Erth      20%        3d8       26%         3
 Swiftness                Air            8%         N/A       36%         3
 Chain Lightning          Conj/Air       4%         3d5       100%        9
 Fire Storm               Conj/Fire      4%         8d1       100%        9
 Shatter                  Erth           6%         3d9*      100%        9


Dungeon Overview and Level Annotations

Branches:
Dungeon (5/15)            Ossuary (visited)
 Temple: D:4-7

Altars:
Trog
The Shining One

Shops:
D:4 *

Annotations:
D:4 Pikel


Innate Abilities, Weirdness & Mutations

You have very sharp teeth.
Your uncanny sense of smell can sniff out nearby items.
Your experience applies equally to all skills.


Message History

* * * LOW HITPOINT WARNING * * *
Pikel attacks as you move away!
Pikel hits you with a +2 whip of electrocution.
* * * LOW HITPOINT WARNING * * *
You feel better. Pikel completely misses you.
You condense into your normal self.
Your +2 falchion unmelds from your body.
Your +0 helmet unmelds from your body.
Your +0 pair of gloves unmelds from your body.
Your +0 pair of boots unmelds from your body.
Your +0 ring mail unmelds from your body.
Your +6 ring of dexterity unmelds from your body.
Your ring of magical power unmelds from your body.
You feel agile.
You feel your magic capacity increase. Pikel attacks as you move away!
Pikel hits you but does no damage. Pikel attacks as you move away!
Pikel hits you with a +2 whip of electrocution.
* * * LOW HITPOINT WARNING * * *
Aiming: Polymorph
Press: ? - help, Shift-Dir - straight line, f - Pikel
Aim: Pikel, wielding a +2 whip of electrocution, wearing a +0 robe and carrying a wand of polymorph (heavily wounded, will become a hornet, a sky beast, or a troll, chance to affect: 57%) Pikel evaporates and reforms as a hornet!
Pikel closely misses you.
Aiming: Charm
Press: ? - help, Shift-Dir - straight line, f/p - Pikel
Aim: Pikel the hornet (chance to affect: 49%) Pikel resists with some effort.
Pikel stings you!
* * * LOW HITPOINT WARNING * * *
You are lethally poisoned!
You feel yourself slow down. Pikel stings you but does no damage.
You feel better. Pikel stings you!
* * * LOW HITPOINT WARNING * * *
You are lethally poisoned!
You feel as though you will be slow longer.
Pikel barely misses you.
You feel better. Pikel stings you.
* * * LOW HITPOINT WARNING * * *
You suddenly lose the ability to move!
Pikel stings you!
You die...

#.# #># #.# ## #.### #.#
##.# .## #...# #.# #..#
..## ###.# #.# #.## ...##
#.# #.# #.# ....# #.# #.#
#.# ...## #.# #.# #.#
...#######.##########.#
#.#######
................@y....#
#........
.#.#######..###########
######### .#.#
#......#################
.#.#
###.###..................
.#.# #...#
###################
...### #.### .....# #.#
.###.# #.# .# #.# #.#


You could see Pikel the hornet.

Vanquished Creatures
  2 ogres (D:4)
  A lemure (D:4)
  A phantom (D:2)
  5 elf zombies (Ossuary)
  4 centaur zombies (Ossuary)
  3 human zombies (Ossuary)
  5 orc priests
  Jessica (D:3)
  An orc wizard (D:4)
  4 mummies
  3 adders
  4 gnolls (D:3)
  3 dart slugs
  11 orcs
  6 ball pythons
  9 endoplasms
  3 giant cockroaches
  5 goblins
  8 hobgoblins
  9 jackals (D:1)
  2 quokkas
  4 bats
  A frilled lizard (D:3)
  A hobgoblin zombie (D:5)
  8 kobolds
  5 rats
109 creatures vanquished.

Vanquished Creatures (collateral kills)
  A hound (D:5)
  A worm (D:5)
2 creatures vanquished.

Vanquished Creatures (others)
  A scorpion (D:4)
  An orc wizard (D:4)
2 creatures vanquished.

Grand Total: 113 creatures vanquished

Notes
Turn   | Place    | Note
-------+----------+-------------------------------------------
     0 | D:1      | zazu2006 the Gnoll Wanderer began the quest for the Orb.
     0 | D:1      | zazu2006 set off with the following items: a +2 falchion, a
                  | +0 ring mail, a scroll of teleportation; and the following
                  | spell memorised: Sandblast; and the following spells
                  | available to memorise: Stone Arrow.
     0 | D:1      | Reached XP level 1. HP: 13/13 MP: 4/4
   192 | D:1      | Reached XP level 2. HP: 19/19 MP: 5/5
   327 | D:1      | Reached XP level 3. HP: 25/25 MP: 2/7
   533 | D:1      | Reached skill level 1 in Invocations
   947 | D:2      | Reached skill level 1 in Fighting
   947 | D:2      | Reached skill level 1 in Short Blades
   947 | D:2      | Reached skill level 1 in Axes
   947 | D:2      | Reached skill level 1 in Maces & Flails
   947 | D:2      | Reached skill level 1 in Polearms
   947 | D:2      | Reached skill level 1 in Staves
   947 | D:2      | Reached skill level 1 in Ranged Weapons
   947 | D:2      | Reached skill level 1 in Dodging
   947 | D:2      | Reached skill level 1 in Stealth
   947 | D:2      | Reached skill level 1 in Shields
   947 | D:2      | Reached skill level 1 in Unarmed Combat
   947 | D:2      | Reached skill level 1 in Evocations
  1062 | D:2      | Reached XP level 4. HP: 32/32 MP: 4/8
  1165 | D:2      | Found a glowing golden altar of the Shining One.
  1193 | D:2      | Noticed a phantom
  1202 | D:2      | Killed a phantom
  1203 | D:2      | Reached skill level 1 in Conjurations
  1203 | D:2      | Reached skill level 1 in Hexes
  1203 | D:2      | Reached skill level 1 in Summonings
  1203 | D:2      | Reached skill level 1 in Necromancy
  1203 | D:2      | Reached skill level 1 in Translocations
  1203 | D:2      | Reached skill level 1 in Transmutations
  1203 | D:2      | Reached skill level 1 in Fire Magic
  1203 | D:2      | Reached skill level 1 in Ice Magic
  1203 | D:2      | Reached skill level 1 in Air Magic
  1203 | D:2      | Reached skill level 1 in Poison Magic
  1203 | D:2      | Reached skill level 1 in Shapeshifting
  1203 | D:2      | Reached XP level 5. HP: 30/37 MP: 2/9
  1843 | D:3      | Noticed Jessica
  1847 | D:3      | Killed Jessica
  2128 | D:3      | Reached XP level 6. HP: 29/44 MP: 5/11
  2711 | D:3      | Found a faded altar of an unknown god.
  2814 | D:4      | Found Pilim's General Store.
  2847 | D:4      | Bought a scroll of noise for 14 gold pieces
  3065 | D:4      | Found a bloodstained altar of Trog.
  3106 | D:4      | Reached XP level 7. HP: 20/50 MP: 3/12
  3912 | D:5      | Entered Level 5 of the Dungeon
  3937 | D:5      | Found a sand-covered staircase.
  3949 | Ossuary  | Entered an ossuary
  4233 | Ossuary  | Reached XP level 8. HP: 53/58 MP: 12/14
  4590 | D:5      | Noticed Pikel
  4756 | D:4      | Pikel changed into Pikel the hornet
  4756 | D:4      | Noticed Pikel
  4758 | D:4      | HP: 1/58 [Pikel the hornet (13)]
  4759 | D:4      | Paralysed by Pikel for 2 turns
  4759 | D:4      | Slain by Pikel the hornet

Illustrated notes

Levels and vault maps discovered:
D:1:      ncdulo_lavacross, layout_loops_ring, corexii_leaking_fountain
D:2:      layout_loops_ring, basic_altar
D:3:      layout_rooms, dilly_ecumenical_altar_fadedgnrine, uniq_jessica
D:4:      layout_loops_ring, overflow_temple_1_default, serial_shops,
          shop_statue
D:5:      cheibrodos_barr_body, layout_basic, marbit_many_paths,
          nicolae_ossuary_entry_giza, uniq_pikel, uniq_prince_ribbit1

Skill      XL: |  1  2  3  4  5  6  7 |
---------------+----------------------+-----
Invocations    | 1 2 3 |  3.7
Fighting       | 1 2 3 |  3.4
Short Blades   | 1 2 3 |  3.4
Axes           | 1 2 3 |  3.4
Maces & Flails | 1 2 3 |  3.4
Polearms       | 1 2 3 |  3.4
Staves         | 1 2 3 |  3.4
Ranged Weapons | 1 2 3 |  3.4
Dodging        | 1 2 3 |  3.4
Stealth        | 1 2 3 |  3.4
Shields        | 1 2 3 |  3.4
Unarmed Combat | 1 2 3 |  3.4
Evocations     | 1 2 3 |  3.4
Spellcasting   | 3 4 |  4.5
Conjurations   | 1 2 |  2.8
Hexes          | 1 2 |  2.8
Summonings     | 1 2 |  2.8
Necromancy     | 1 2 |  2.8
Translocations | 1 2 |  2.8
Transmutations | 1 2 |  2.8
Fire Magic     | 1 2 |  2.8
Ice Magic      | 1 2 |  2.8
Air Magic      | 1 2 |  2.8
Poison Magic   | 1 2 |  2.8
Shapeshifting  | 1 2 |  2.8
Throwing       | 3 4 |  4.3
Earth Magic    | 4 |  4.7
Long Blades    | 7 |  7.4
Armour         | 7 |  7.4

Action                     |  1- 3 |  4- 6 |  7- 9 || total
---------------------------+-------+-------+-------++-------
  Melee: Falchion          |    54 |    30 |   114 ||   198
         Bite              |     2 |     3 |    12 ||    17
         Punch             |     1 |     1 |     8 ||    10
         Unarmed           |       |       |     1 ||     1
   Cast: Sandblast         |    29 |    96 |   116 ||   241
  Evoke: Wand              |       |     2 |     6 ||     8
    Use: Potion            |       |     1 |     4 ||     5
   Stab: Sleeping          |       |       |     1 ||     1
 Armour: Ring mail         |    25 |    31 |    82 ||   138
  Dodge: Dodged            |    29 |    64 |   108 ||   201

Table legend: (Time is in decaauts)
 A = Elapsed time spent in this place.
 B = Non-inter-level travel time spent in this place.
 C = Inter-level travel time spent in this place.
 D = Time resting spent in this place.
 E = Time spent auto-exploring this place.
 F = Levels seen in this place.
 G = Mean time per level.
                   A        B        C        D        E       F      G
               +--------+--------+--------+--------+--------+-----+--------+
         Total |   4872 |   4734 |    138 |    304 |   3266 |   6 |  812.0 |
       Dungeon |   4246 |   4108 |    138 |    209 |   2996 |   5 |  849.2 |
       Ossuary |    626 |    626 |      0 |     95 |    270 |   1 |  626.0 |
               +--------+--------+--------+--------+--------+-----+--------+

Top non-repeatable levels by time:
     D:4: 1225 daAuts
     D:2: 1014 daAuts
     D:3: 974 daAuts
     D:1: 830 daAuts
 Ossuary: 626 daAuts
     D:5: 202 daAuts
